 Dungeon Crawl Stone Soup version 0.29.1 (webtiles) character file.

Game seed: 7791858336622114892

256 funnyparkerb the Carver (level 6, -1/47 HPs)
             Began as a Merfolk Monk on Sept 13, 2022.
             Killed from afar by an orc wizard (11 damage)
             ... with a puff of flame
             ... on level 3 of the Dungeon.
             The game lasted 00:07:08 (4084 turns).

funnyparkerb the Carver (Merfolk Monk)              Turns: 4084, Time: 00:07:09

Health: -1/47      AC:  6    Str: 11    XL:     6   Next: 15%
Magic:  6/6        EV: 10    Int: 14    God:
Gold:   165        SH:  0    Dex: 22    Spells: 5/5 levels left

rFire   . . .      SeeInvis .   a - +0 falchion
rCold   . . .      Faith    +   (no shield)
rNeg    . . .      Spirit   .   u - +0 scale mail
rPois   +          Reflect  .   (no helmet)
rElec   +          Harm     .   (no cloak)
rCorr   .          Rampage  .   (no gloves)
Will    +....                   (no boots)
Stlth   +.........              y - amulet "Rifyho" {Faith rElec Int+4}
HPRegen 0.15/turn               k - ring "Gyode" {+Blink rPois Dex+4}
MPRegen 0.10/turn               w - ring of willpower

@: no status effects
A: (nimble swimmer 2), mertail
a: Evoke Blink


You were on level 3 of the Dungeon.
You visited 1 branch of the dungeon, and saw 4 of its levels.

You collected 165 gold pieces.

Inventory:

Hand Weapons
 a - a +0 falchion (weapon)
Missiles
 n - 9 javelins (quivered)
 s - 3 boomerangs
Armour
 u - a +0 scale mail (worn)
Jewellery
 i - an amulet of reflection
 k - the ring "Gyode" (left hand) {+Blink rPois Dex+4}
   (You found it on level 2 of the Dungeon)

   [ring of poison resistance]

   Dex:       It affects your dexterity (+4).
   rPois:     It protects you from poison.
   +Blink:    It lets you blink.
 w - a ring of willpower (right hand)
 y - the amulet "Rifyho" (around neck) {Faith rElec Int+4}
   (You found it on level 4 of the Dungeon)

   [amulet of faith]

   It allows you to gain divine favour quickly.
   Int:       It affects your intelligence (+4).
   rElec:     It insulates you from electricity.
Wands
 t - a wand of polymorph (13)
Scrolls
 e - 2 scrolls of magic mapping {unknown}
 f - 3 scrolls of identify {unknown}
 h - 2 scrolls of teleportation {unknown}
 j - a scroll of torment {unknown}
 p - 2 scrolls of amnesia {unknown}
 q - a scroll of enchant armour {unknown}
 r - a scroll of enchant weapon {unknown}
 v - a scroll of blinking {unknown}
 x - a scroll of vulnerability {unknown}
 z - a scroll of poison {unknown}
Potions
 b - a potion of resistance {unknown}
 c - a potion of ambrosia
 d - a potion of lignification {unknown}
 g - 2 potions of haste {unknown}
 l - a potion of might {unknown}
 m - a potion of heal wounds {unknown}
 o - a potion of attraction {unknown}


   Skills:
 + Level 3.3 Fighting
 - Level 8.0 Long Blades
 + Level 0.1 Armour
 + Level 4.1 Dodging
 - Level 2.1 Stealth


You had 5 spell levels left.
You didn't know any spells.
Your spell library contained the following spells:

 Spells                   Type           Power      Damage    Failure   Level
 Frozen Ramparts          Ice            0%         1d1       99%         3
 Ice Form                 Ice/Tmut       0%         N/A       100%        4
 Summon Ice Beast         Ice/Summ       0%         N/A       100%        4


Dungeon Overview and Level Annotations

Branches:
Dungeon (4/15)
 Temple: D:4-7

Altars:
Cheibriados
Fedhas
Makhleb
Uskayaw

Shops:
D:1 :[   D:4 ([(


Innate Abilities, Weirdness & Mutations

((You are very nimble when in or above water. (Stealth+, EV+, Speed+++)))
Your lower body shifts to a powerful aquatic tail in water.


Message History

There is a stone staircase leading up here.
The orc hits you but does no damage. Something hits you but does no damage.
You climb upwards.
Reactivating autopickup.
There is a stone staircase leading down here.
You hit the orc but do no damage. The orc hits you but does no damage.
Something hits you.
Deactivating autopickup; reactivate with Ctrl-A.
You hit the orc but do no damage. The orc barely misses you.
Something hits you.
You are too injured to fight recklessly!
You are too injured to fight recklessly!
You are too injured to fight recklessly!
You are too injured to fight recklessly!
You hit the orc.
You kill the orc!
Something hits you but does no damage. Something hits you.
Things that are here:
a +0 dagger; an orc corpse You miss something.
You punch something. Something hits you.
You hit something.
You hear some strange, mumbled words.
A puff of flame appears from out of thin air!
The puff of flame hits you!
* * * LOW HITPOINT WARNING * * *
You slash something! You miss something. Something hits you but does no damage.
You closely miss something. You hit something.
Something hits you but does no damage.
You completely miss something. Something hits you.
* * * LOW HITPOINT WARNING * * *
You miss something. Something hits you but does no damage.
You hit something. Something hits you but does no damage.
You closely miss something. Something hits you but does no damage.
You hit something but do no damage.
You hear some strange, mumbled words.
A puff of flame appears from out of thin air!
The puff of flame hits you!
You die...

#.##.##.## ##.####### #.#
#.#...#.# #........# #.#
#.......####..#####.# #.#
#.............# #.# #.#
.........####.# #.# #.#
........#.###.# #.# #.#
.......###...†# #.### #.#
###.....#.#########...###.# #
...#.#.#.## #>@.........# ###
.⌠.#.#.#.#### #{###...##..# ##..
.).#........###......[)...####..#
###~.................>..........#
≈≈≈....#.#######.........######..
≈≈~..###.# ####...#### #.# ###~.#
#.# #...# #.# ...#.###.# #...#
#.# .⌠.#.....# ##.## #.#


There were no monsters in sight!

Vanquished Creatures
  A hound (D:4)
  An iguana (D:3)
  3 orc wizards (D:4)
  5 adders
  A worm (D:2)
  5 dart slugs
  13 orcs
  A ball python (D:1)
  5 bats
  3 endoplasms
  2 giant cockroaches
  4 goblins
  5 hobgoblins
  7 kobolds
  A quokka (D:3)
  A frilled lizard (D:2)
  2 rats
60 creatures vanquished.

Notes
Turn   | Place    | Note
-------+----------+-------------------------------------------
     0 | D:1      | funnyparkerb the Merfolk Monk began the quest for the Orb.
     0 | D:1      | Reached XP level 1. HP: 18/18 MP: 1/1
    29 | D:1      | Found Peefymp's Book Boutique.
   282 | D:1      | Reached skill level 4 in Long Blades
   289 | D:1      | Reached XP level 2. HP: 16/24 MP: 2/2
   551 | D:1      | Found Enijoh's Antique Armour Shoppe.
   968 | D:2      | Reached skill level 5 in Long Blades
   968 | D:2      | Reached XP level 3. HP: 15/29 MP: 3/3
  1138 | D:2      | Found a faded altar of an unknown god.
  1270 | D:2      | Identified the ring "Gyode" {+Blink rPois Dex+4}
  2242 | D:3      | Reached XP level 4. HP: 35/35 MP: 4/4
  2341 | D:3      | Found a burning altar of Makhleb.
  2468 | D:3      | Reached skill level 6 in Long Blades
  3294 | D:4      | Found a hide-covered altar of Uskayaw.
  3309 | D:4      | Reached XP level 5. HP: 35/41 MP: 5/5
  3367 | D:4      | Identified the amulet "Rifyho" {Faith rElec Int+4}
  3408 | D:4      | Reached skill level 7 in Long Blades
  3426 | D:4      | Found Qeculoro's Antique Armour Emporium.
  3506 | D:4      | Found a blossoming altar of Fedhas.
  3538 | D:4      | Found Kerphol's Weapon Shoppe.
  3550 | D:4      | Found Alik Jipt's Antique Weapon Emporium.
  3740 | D:4      | Found a snail-covered altar of Cheibriados.
  3856 | D:4      | Reached XP level 6. HP: 22/47 MP: 6/6
  4019 | D:4      | Reached skill level 8 in Long Blades
  4084 | D:3      | Killed from afar by an orc wizard

Illustrated notes

Levels and vault maps discovered:
D:1:      minmay_arrival_solitary_statue, layout_basic, serial_shops, shop,
          nicolae_shop_behind_doors
D:2:      layout_loops_corners, shapermc_ecumenical_altar_starsandcircs
D:3:      layout_loops_ring, lemuel_crystal_altar, fountainhead,
          dreamdust_princess_bridge
D:4:      layout_cave_pods, nicolae_uskayaw_dance_hall,
          mainiacjoe_overflow_24_doors, lemuel_doored_altar, serial_shops, shop,
          shop, kennysheep_little_box, nicolae_shop_bloodbath_and_beyond,
          minivault_26

Skill      XL: |  1  2  3  4  5  6 |
---------------+-------------------+-----
Long Blades    | 4 5 6 7 8 |  8.0
Fighting       | |  3.3
Armour         | |  0.1
Dodging        | |  4.1
Stealth        | |  2.1

Action                   |  1- 3 |  4- 6 || total
-------------------------+-------+-------++-------
Melee: Falchion          |   102 |   130 ||   232
       Punch             |       |     1 ||     1
 Stab: Sleeping          |     5 |     2 ||     7
Armor: Robe              |    20 |     1 ||    21
       Scale mail        |       |    51 ||    51
Dodge: Dodged            |    69 |    73 ||   142
Block: Other             |    21 |    19 ||    40
       Reflection        |     1 |       ||     1
